 Dungeon Crawl Stone Soup version 0.19.1 (webtiles) character file.

9134 Gargo the Thaumaturge (level 11, -1/64 HPs)
             Began as a Gargoyle Earth Elementalist on Dec 7, 2016.
             Was an Elder of Vehumet.
             Slain by Snorg (12 damage)
             ... on level 10 of the Dungeon.
             The game lasted 01:05:46 (11913 turns).

Gargo the Thaumaturge (GrEE)                       Turns: 11913, Time: 01:05:47

Health: -1/64      AC: 16    Str: 16    XL:     11   Next: 41%
Magic:  2/23       EV: 13    Int: 18    God:    Vehumet [****..]
Gold:   225        SH:  0    Dex: 10    Spells: 3 memorised, 22 levels left

rFire  + . .     SeeInvis .     a - +1 whip (flame)
rCold  . . .     Gourm    .     h - +0 leather armour of Gluttony {rF+ MR+ rCorr} (curse)
rNeg   + + .     Faith    .     (no shield)
rPois  ∞         Spirit   .     G - +0 helmet
rElec  +         Reflect  .     u - +0 cloak
rCorr  +         Harm     .     r - +0 pair of gloves
MR     +....                    t - +0 pair of boots
Stlth  ++........               (no amulet)
                                F - ring of positive energy
                                y - +3 ring of strength

@: no status effects
A: negative energy resistance 1, electricity resistance, unbreathing,
petrification resistance, rot immunity, AC +7
a: Renounce Religion


You were on level 10 of the Dungeon.
You worshipped Vehumet.
Vehumet was greatly pleased with you.
You were hungry.

You visited 2 branches of the dungeon, and saw 12 of its levels.
You also visited: Sewer.

You collected 728 gold pieces.
You spent 503 gold pieces at shops.

Inventory:

Hand Weapons
 a - a +1 whip of flaming (weapon)
 x - a +0 blowgun
 I - a +0 short sword of flaming
 P - the +3 glaive "Poahefem" {holy, Dex+5, unknown}
   (You found it on level 9 of the Dungeon)

   It has been blessed by the Shining One to cause great damage to the undead
   and demons.
   It affects your dexterity (+5).
 S - a +0 whip of draining
Missiles
 b - 192 stones (quivered)
 e - 14 poisoned needles
 g - 6 tomahawks of returning
Armour
 c - a +0 robe
 h - the cursed +0 leather armour of Gluttony (worn) {rF+ MR+ rCorr}
   (You found it on level 4 of the Dungeon)

   It protects you from fire.
   It affects your resistance to hostile enchantments.
   It protects you from acid and corrosion.
   It has a curse placed upon it.
 m - a +0 pair of boots
 o - a +1 pair of gloves
 r - a +0 pair of gloves (worn)
 t - a +0 pair of boots (worn)
 u - a +0 cloak (worn)
 D - the +1 robe of the Eight Beggars {MR- MP+9 Int+5}
   (You found it on level 6 of the Dungeon)

   It affects your intelligence (+5).
   It affects your resistance to hostile enchantments.
   It affects your magic capacity (+9).
 G - a +0 helmet (worn)
Jewellery
 j - an uncursed ring of flight
 y - a +3 ring of strength (left hand)
 B - an uncursed ring of wizardry {unknown}
 F - a ring of positive energy (right hand)
 L - an uncursed amulet of harm
Wands
 d - a wand of random effects (5/48)
 l - a wand of acid (7/15)
 n - a wand of acid (10/15)
Scrolls
 f - 6 scrolls of remove curse
 i - a scroll of teleportation {unknown}
 v - a scroll of magic mapping
 w - a scroll of amnesia {unknown}
 A - 8 scrolls of identify
 E - a scroll of immolation
 J - 2 scrolls of blinking
 R - a scroll of enchant armour {unknown}
 U - a scroll of enchant weapon
Potions
 k - 2 potions of degeneration {unknown}
 p - a potion of cancellation {unknown}
 q - a potion of flight {unknown}
 O - a potion of berserk rage {unknown}
 Q - a potion of mutation {unknown}
 T - a potion of might {unknown}
 X - a potion of curing
 Y - a potion of brilliance
 Z - 2 potions of agility
Books
 H - a book of Maledictions

   Spells                             Type                      Level
   a - Corona                         Hexes                        1
   b - Ensorcelled Hibernation        Hexes/Ice                    2
   c - Confuse                        Hexes                        3
   d - Tukima's Dance                 Hexes                        3
   e - Dazzling Spray                 Conjuration/Hexes            3
 N - a book of Changes

   Spells                             Type                      Level
   a - Beastly Appendage              Transmutation                1
   b - Sticks to Snakes               Transmutation                2
   c - Spider Form                    Transmutation/Poison         3
   d - Ice Form                       Ice/Transmutation            4
   e - Blade Hands                    Transmutation                5
 V - the Tome of the Compass
   (You bought it in a shop on level 9 of the Dungeon)

   Spells                             Type                      Level
   a - Apportation                    Translocation                1
   b - Teleport Other                 Translocation                3
   c - Controlled Blink               Translocation                8
   d - Disjunction                    Translocation                8
Comestibles
 s - 2 chunks of flesh
 z - 7 bread rations
 C - 5 meat rations
 K - a slice of pizza
 M - 8 beef jerkies


   Skills:
 + Level 5.3 Fighting
 + Level 5.0 Maces & Flails
 + Level 5.2 Armour
 + Level 4.7 Dodging
 - Level 2.1 Stealth
 * Level 8.9 Spellcasting
 + Level 6.5 Conjurations
   Level 0.7 Transmutations
 + Level 5.3 Fire Magic
 + Level 8.7 Earth Magic
 + Level 1.3 Evocations


You had 22 spell levels left.
You knew the following spells:

 Your Spells              Type           Power        Failure   Level  Hunger
a - Sandblast             Erth           #####.       1%          1    None
e - Flame Tongue          Conj/Fire      ####.        1%          1    None
A - Stone Arrow           Conj/Erth      #####.       1%          3    None


Dungeon Overview and Level Annotations

Branches:
Dungeon (11/15)            Temple (1/1) D:4
   Lair: D:8-11         Orc: D:9-12

Altars:
Gozag
Kikubaaqudgha
Qazlal
Vehumet
Zin

Shops:
D:9 ***

Annotations:
D:4 unreachable glowing leather armour, need LRD
D:10 Snorg
D:11 StormySan's ghost, journeyman MiBe; empire's ghost, journeyman FoFi


Innate Abilities, Weirdness & Mutations

You are resistant to torment.
Your stone body is resilient. (AC +7)
You are immune to poison.
You resist negative energy. (rN+)
You are resistant to electric shocks. (rElec)
You can survive without breathing.
You are immune to petrification.
You are immune to rotting.


Message History

You completely miss Snorg.
Snorg is severely wounded.
Snorg bites you but does no damage. Snorg claws you but does no damage.
Snorg completely misses you.
You hit Snorg. You burn Snorg.
Snorg is almost dead.
Snorg misses you. Snorg claws you! Snorg claws you.
You hit Snorg. You burn Snorg.
Snorg is almost dead.
You are feeling hungry.
Snorg closely misses you. Snorg claws you but does no damage. Snorg claws you!
Snorg bites you but does no damage. Snorg closely misses you.
Snorg barely misses you.
You whack Snorg! You burn Snorg.
Snorg is almost dead.
Snorg bites you! Snorg claws you!
* * * LOW HITPOINT WARNING * * *
Snorg barely misses you. Snorg bites you!
You die...

.........# #.......####.
.........#####.......)....
.).......##..'.......####.
.........##)##.......# #.
.....)...##.##.......# #.
.........##.##.......# #.
.........##.##.......# #.
........T#..##.......# #.
.........@.###.......# #.
.........### #.......# #.
.# #####+#### #####'### ##
.## #..## ..# ##..# ..#
##+######### ##.# ..#
#......)...# #########+##
..# #.......>..#
#..........# ..+
#..........# #.[........#


You could see Snorg (berserk).

Vanquished Creatures
  The ghost of StormySan the Cleaver, a novice MiBe of Trog (D:8)
  3 hill giants (D:10)
  Pikel (D:7)
  A gargoyle (D:10)
  Grinder (D:5)
  A troll (D:9)
  2 two-headed ogres
  2 hippogriffs (D:8)
  5 yaks (D:10)
  Eustachio (D:5)
  A water moccasin (D:9)
  3 ice beasts
  2 slaves (D:7)
  Duvessa (D:6)
  2 orc warriors
  4 sky beasts
  2 black bears (D:11)
  8 ogres
  6 centaurs
  2 big kobolds (Sewer)
  5 bullfrogs
  Blork the orc (D:5)
  3 scorpions
  Dowan (D:6)
  3 howler monkeys
  A centaur zombie (D:6)
  2 bullfrog zombies (D:5)
  5 hounds
  3 orc priests
  2 jellies (D:10)
  7 orc wizards
  Crazy Yiuf (D:3)
  A centaur skeleton (D:3)
  Jessica (D:3)
  3 iguanas
  8 worker ants
  A hound zombie (D:7)
  A worker ant zombie (D:11)
  7 adders
  A howler monkey skeleton (D:6)
  A river rat (D:6)
  2 shadow imps
  6 oozes
  An adder skeleton (D:6)
  An adder zombie (D:7)
  2 worms
  2 dart slugs
  9 leopard geckos
  24 orcs
  3 ball pythons (Sewer)
  8 giant cockroaches
  7 goblins
  10 hobgoblins
  10 jackals
  21 kobolds
  5 quokkas
  A ball python skeleton (D:4)
  A ball python zombie (D:5)
  7 bats
  9 frilled lizards
  A leopard gecko skeleton (D:5)
  10 rats
247 creatures vanquished.

Vanquished Creatures (others)
  A hound (D:7)
1 creature vanquished.

Grand Total: 248 creatures vanquished

Notes
Turn   | Place    | Note
-------+----------+-------------------------------------------
     0 | D:1      | Gargo the Gargoyle Earth Elementalist began the quest for the Orb.
     0 | D:1      | Reached XP level 1. HP: 10/10 MP: 3/3
   139 | D:1      | Reached XP level 2. HP: 4/15 MP: 0/5
   482 | D:1      | Reached XP level 3. HP: 17/19 MP: 5/7
   487 | D:1      | Learned a level 3 spell: Stone Arrow
  1315 | D:2      | Reached XP level 4. HP: 24/24 MP: 0/9
  2091 | D:3      | Reached skill level 1 in Conjurations
  2246 | D:4      | Reached XP level 5. HP: 17/28 MP: 0/11
  2508 | D:4      | Found a staircase to the Ecumenical Temple.
  2528 | Temple   | Entered the Ecumenical Temple
  2564 | Temple   | Became a worshipper of Vehumet
  2840 | D:3      | Found an opulent altar of Gozag.
  3009 | D:3      | Noticed Jessica
  3015 | D:3      | Killed Jessica
  3060 | D:3      | Found a runed door.
  3064 | D:3      | Noticed Crazy Yiuf
  3066 | D:3      | Killed Crazy Yiuf
  3066 | D:3      | Reached skill level 5 in Earth Magic
  3066 | D:3      | Reached XP level 6. HP: 32/32 MP: 5/12
  3258 | D:5      | Entered Level 5 of the Dungeon
  3352 | D:6      | Found a glowing drain.
  3394 | Sewer    | Entered a sewer
  3784 | Sewer    | Reached * piety under Vehumet
  3784 | Sewer    | Offered knowledge of Sting by Vehumet.
  3836 | Sewer    | Reached skill level 5 in Spellcasting
  3988 | Sewer    | Reached XP level 7. HP: 36/36 MP: 1/14
  4895 | D:4      | Got a transparent leather armour
  4988 | D:5      | Noticed Blork the orc
  5023 | D:5      | Killed Blork the orc
  5304 | D:5      | Reached ** piety under Vehumet
  5304 | D:5      | Offered knowledge of Flame Tongue by Vehumet.
  5304 | D:5      | Reached skill level 1 in Fighting
  5304 | D:5      | Reached XP level 8. HP: 41/43 MP: 10/17
  5316 | D:5      | Learned a level 1 spell: Flame Tongue
  5355 | D:6      | Reached skill level 1 in Armour
  5459 | D:5      | Reached skill level 1 in Maces & Flails
  6018 | D:5      | Reached skill level 1 in Fire Magic
  6141 | D:5      | Noticed Grinder
  6142 | D:5      | Noticed Eustachio
  6241 | D:5      | Killed Grinder
  6353 | D:5      | Killed Eustachio
  6592 | D:6      | Reached XP level 9. HP: 42/49 MP: 10/19
  6625 | D:6      | Noticed Dowan
  6928 | D:6      | Noticed Duvessa
  6930 | D:6      | Killed Dowan
  6950 | D:6      | Killed Duvessa
  7278 | D:6      | Got a colourful robe
  7289 | D:6      | Identified the cursed +1 robe of the Eight Beggars {MR- MP+9 Int+5} (You found it on level 6 of the Dungeon)
  7355 | D:7      | Offered knowledge of Mephitic Cloud by Vehumet.
  7684 | D:7      | Noticed Pikel
  7690 | D:7      | Killed Pikel
  7690 | D:7      | Reached skill level 5 in Conjurations
  8552 | D:8      | Noticed a two-headed ogre
  8553 | D:8      | Reached XP level 10. HP: 56/56 MP: 21/21
  8691 | D:8      | Reached *** piety under Vehumet
  9113 | D:8      | Noticed StormySan's ghost (novice MiBe)
  9467 | D:8      | Killed StormySan's ghost
  9788 | D:9      | Got a dazzling glaive
  9911 | D:10     | Entered Level 10 of the Dungeon
 10173 | D:9      | Found Qasen's Assorted Antiques.
 10178 | D:9      | Bought a metallic pink potion for 13 gold pieces
 10178 | D:9      | Bought a scroll labeled ITIOTEE OJETUL for 15 gold pieces
 10178 | D:9      | Bought a scroll labeled ITIOTEE OJETUL for 15 gold pieces
 10178 | D:9      | Bought a scroll labeled FEOSIN YLUDGH for 15 gold pieces
 10178 | D:9      | Bought a conspicuous book for 225 gold pieces
 10178 | D:9      | Identified the Tome of the Compass (You bought it in a shop on level 9 of the Dungeon)
 10342 | D:9      | Offered knowledge of Ignite Poison by Vehumet.
 10349 | D:9      | Found Huoruwk's Assorted Antiques.
 10357 | D:9      | Bought a potion of curing for 81 gold pieces
 10357 | D:9      | Bought a scroll labeled FEOSIN YLUDGH for 27 gold pieces
 10371 | D:9      | Found Suwnegot's General Store.
 10384 | D:9      | Bought a potion of brilliance for 56 gold pieces
 10384 | D:9      | Bought a potion of agility for 56 gold pieces
 10986 | D:11     | Noticed a cyclops
 10994 | D:11     | Noticed StormySan's ghost (journeyman MiBe)
 11195 | D:10     | Reached XP level 11. HP: 62/62 MP: 23/23
 11204 | D:10     | Noticed a hill giant
 11208 | D:10     | Killed a hill giant
 11208 | D:10     | Reached skill level 5 in Fighting
 11208 | D:10     | Reached skill level 5 in Fire Magic
 11257 | D:11     | Noticed empire's ghost (journeyman FoFi)
 11274 | D:10     | Reached skill level 5 in Armour
 11409 | D:10     | Identified the cursed +0 leather armour of Gluttony {rF+ MR+ rCorr} (You found it on level 4 of the Dungeon)
 11515 | D:10     | Noticed a hill giant
 11517 | D:10     | Reached **** piety under Vehumet
 11517 | D:10     | Reached skill level 1 in Evocations
 11528 | D:10     | Killed a hill giant
 11534 | D:10     | HP: 3/64 [yak (11)]
 11884 | D:10     | Noticed a hill giant
 11889 | D:10     | Killed a hill giant
 11889 | D:10     | Reached skill level 5 in Maces & Flails
 11900 | D:10     | Noticed Snorg
 11913 | D:10     | Slain by Snorg

Skill      XL: |  1  2  3  4  5  6  7  8  9 10 11 |
---------------+----------------------------------+-----
Spellcasting   | 3 4 5 6 7 8 |  8.9
Earth Magic    | 4 5 6 7 8 |  8.7
Conjurations   | 1 2 3 4 5 6 |  6.5
Fighting       | 1 2 3 4 5 |  5.3
Armour         | 2 3 4 5 |  5.2
Maces & Flails | 2 3 4 5 |  5.0
Dodging        | 2 3 4 |  4.7
Fire Magic     | 1 3 4 5 |  5.3
Evocations     | 1 |  1.3
Stealth        | |  2.1
Transmutations | |  0.7

Action                   |  1- 3 |  4- 6 |  7- 9 | 10-12 || total
-------------------------+-------+-------+-------+-------++-------
Melee: Short sword       |    19 |    45 |   111 |       ||   175
       Whip              |       |       |     3 |    41 ||    44
 Cast: Sandblast         |    63 |   163 |   196 |   141 ||   563
       Stone Arrow       |       |    10 |    78 |    96 ||   184
Evoke: Wand              |       |       |       |    11 ||    11
  Use: Scroll            |       |     3 |     4 |     5 ||    12
       Potion            |       |       |     5 |     2 ||     7
 Stab: Sleeping          |     3 |    11 |     2 |     3 ||    19
  Eat: Chunk             |     1 |     8 |    16 |    10 ||    35
       Pizza             |       |     1 |       |       ||     1
Armor: Robe              |    13 |    66 |   132 |    66 ||   277
       Leather armour    |       |       |       |    10 ||    10
Dodge: Dodged            |    30 |   107 |   163 |   121 ||   421
